 Dungeon Crawl Stone Soup version 0.31.0-32-g396128a36d (webtiles) character file.

Game seed: 11798038479948337842

93 PhantomBowie the Trooper (level 4, -5/29 HPs)
             Began as a Gargoyle Berserker on Apr 24, 2024.
             Was a Believer of Trog.
             Slain by Crazy Yiuf
             ... wielding a +4 quarterstaff of chaos
              (14 damage)
             ... on level 2 of the Dungeon.
             The game lasted 00:05:54 (1500 turns).

PhantomBowie the Trooper (Gargoyle Berserker)       Turns: 1500, Time: 00:05:54

Health: -5/29      AC: 16    Str: 22    XL:     4   Next: 62%
Magic:  1/4        EV:  9    Int:  8    God:    Trog [**....]
Gold:   68         SH:  0    Dex:  9    Spells: 3/3 levels left

rFire   . . .        n - +0 flail
rCold   . . .        (no shield)
rNeg    + . .        k - +0 chain mail
rPois   ∞            h - +0 helmet
rElec   +            (no cloak)
rCorr   .            e - +0 pair of gloves
SInv    .            d - +0 pair of boots
Will    .....        (no amulet) Stlth
                     (no ring)
HPRegen 0.24/turn    (no ring)
MPRegen 0.09/turn

%: no passive effects
@: no status effects
A: sickness immunity, AC +3, negative energy resistance 1, electricity
resistance, torment resistance 1, petrification resistance
a: Renounce Religion, Berserk, Trog's Hand


You were on level 2 of the Dungeon.
You worshipped Trog.
Trog was pleased with you.
You visited 1 branch of the dungeon, and saw 2 of its levels.

You collected 68 gold pieces.

Inventory:

Hand Weapons
 n - a +0 flail (weapon)
Armour
 b - a +0 animal skin
 d - a +0 pair of boots (worn)
 e - a +0 pair of gloves (worn)
 h - a +0 helmet (worn)
 k - a +0 chain mail (worn)
Jewellery
 o - a ring of ice
Scrolls
 a - a scroll of vulnerability {unknown}
 f - 2 scrolls of teleportation {unknown}
 i - 2 scrolls of revelation {unknown}
 j - 2 scrolls of poison {unknown}
 l - a scroll of immolation {unknown}
 m - 5 scrolls of identify {unknown}
Potions
 c - 2 potions of mutation {unknown}
 g - 4 potions of attraction {unknown}


   Skills:
 + Level 4.0 Fighting
 + Level 3.7 Maces & Flails
 + Level 3.2 Armour
 + Level 2.3 Dodging


You had 3 spell levels left.
You didn't know any spells.
Your spell library was empty.

Dungeon Overview and Level Annotations

Branches:
Dungeon (2/15)

Altars:

Shops:
D:1 *

Annotations:
D:2 Crazy Yiuf


Innate Abilities, Weirdness & Mutations

You are immune to sickness and miasma.
Your stone body is resilient. (AC +3)
You are immune to poison.
You resist negative energy. (rN+)
You are resistant to electric shocks. (rElec)
You are resistant to unholy torment.
You are immune to petrification.


Message History

The adder bites you but does no damage. The adder barely misses you.
You hit the adder.
The adder is moderately wounded.
The adder bites you but does no damage.
You sock the adder!
You kill the adder!
Trog accepts your kill.
Your Fighting skill increases to level 4!
You see here a +0 dagger.
You see here a +0 hammer.
Found a hammer.
Found a runed translucent door.
You open the door.
Crazy Yiuf yells, "Gnoll!
Island ragdoll water."
You sock Crazy Yiuf!
Crazy Yiuf is moderately wounded.
Crazy Yiuf cries, "Peeping arm hand!"
Crazy Yiuf barely misses you.
You hit Crazy Yiuf.
Crazy Yiuf is moderately wounded.
Crazy Yiuf hits you with a +4 quarterstaff of chaos.
You hit Crazy Yiuf.
Crazy Yiuf is severely wounded.
Crazy Yiuf hits you with a +4 quarterstaff of chaos!
You suddenly lose the ability to move!
Crazy Yiuf hits you but does no damage.
You can move again.
You barely miss Crazy Yiuf.
Crazy Yiuf is severely wounded.
Crazy Yiuf barely misses you.
You hit Crazy Yiuf.
Crazy Yiuf is almost dead.
Crazy Yiuf hits you but does no damage.
You closely miss Crazy Yiuf.
Crazy Yiuf is almost dead.
Crazy Yiuf hits you with a +4 quarterstaff of chaos!
You feel your power leaking away.
You barely miss Crazy Yiuf.
Crazy Yiuf is almost dead.
Crazy Yiuf says, "Hack sing blue!"
Crazy Yiuf hits you with a +4 quarterstaff of chaos!
You die...

....##..##.#
.#####.###.#
.......##.†#
.......##..# #####
.......##..# #)..#
.......##..# #...#
.....(.##..# ...
.......##..# #g#
.......##### #@##
#........# ##.#
#........# #.##
#........# ##.#
#........# ##.## ###
.........# ##...#
#.# #........#
#..))# #.#
############ #....#
#.#
...........####....#
#.#


You could see Crazy Yiuf.

Vanquished Creatures
  5 adders (D:2)
  2 dart slugs (D:1)
  4 endoplasms
  4 giant cockroaches
  4 goblins
  3 hobgoblins
  6 kobolds
  A quokka (D:1)
  7 ball pythons
  3 bats
  4 frilled lizards
  3 rats
46 creatures vanquished.

Notes
Turn   | Place    | Note
-------+----------+-------------------------------------------
     0 | D:1      | PhantomBowie the Gargoyle Berserker began the quest for the
                  | Orb.
     0 | D:1      | Reached XP level 1. HP: 14/14 MP: 1/1
   106 | D:1      | Reached XP level 2. HP: 19/19 MP: 2/2
   526 | D:1      | Reached XP level 3. HP: 23/23 MP: 3/3
   551 | D:1      | Found Wumniann's Assorted Antiques.
   882 | D:2      | Reached ** piety under Trog
  1055 | D:2      | Reached XP level 4. HP: 26/29 MP: 4/4
  1438 | D:2      | Reached skill level 4 in Fighting
  1489 | D:2      | Found a runed translucent door.
  1490 | D:2      | Noticed Crazy Yiuf
  1496 | D:2      | Paralysed by Crazy Yiuf for 1 turns
  1500 | D:2      | Slain by Crazy Yiuf

Illustrated notes

Levels and vault maps discovered:
D:1:      spicycebolla_arrival_risky_transporter, layout_loops_ring,
          serial_shops, nicolae_shop_trees, minmay_tree_intersection,
          minivault_4, minivault_11, minmay_misc_feat_diagonals
D:2:      layout_basic, uniq_crazy_yiuf_cottage

Skill      XL: |  1  2  3  4 |
---------------+-------------+-----
Dodging        | 2 |  2.3
Armour         | 3 |  3.2
Fighting       | 4 |  4.0
Maces & Flails | |  3.7

Action                     |  1- 3 |  4- 6 || total
---------------------------+-------+-------++-------
  Melee: Mace              |    54 |       ||    54
         Flail             |    53 |    41 ||    94
         Punch             |     3 |       ||     3
 Armour: Animal skin       |    11 |       ||    11
         Chain mail        |    70 |    29 ||    99
  Dodge: Dodged            |    42 |    16 ||    58
